 Dungeon Crawl Stone Soup version 0.27-a0-773-gaaee5cf45b (webtiles) character file.

Game seed: 8038566388549645820

3173 spiderkeys the Spear-Bearer (level 9, -1/80 HPs)
             Began as a Minotaur Berserker on Mar 25, 2021.
             Was an Elder of Trog.
             Slain by a catoblepas (4 damage)
             ... while petrified by a catoblepas
             ... on level 9 of the Dungeon.
             The game lasted 00:08:52 (9466 turns).

spiderkeys the Spear-Bearer (Minotaur Berserker)    Turns: 9466, Time: 00:08:53

Health: -1/80      AC: 11    Str: 25    XL:     9   Next: 63%
Magic:  8/8        EV:  2    Int:  4    God:    Trog [****..]
Gold:   498        SH:  0    Dex: 10    Spells: 8/8 levels left

rFire    . . .     SeeInvis .   C - +2 spear (venom)
rCold    . . .     Faith    .   e - +0 tower shield
rNeg     + + +     Spirit   .   w - +0 chain mail
rPois    ∞         Reflect  .   (helmet restricted)
rElec    .         Harm     .   (no cloak)
rCorr    .         Rampage  .   m - +0 pair of gloves
Will     .....                  (no boots)
Stlth    ..........             (no amulet)
HPRegen  0.23/turn              (no ring)
MPRegen  0.11/turn              (no ring)

@: petrified, berserk cooldown, slowed
A: horns 2, retaliatory headbutt
a: Renounce Religion, Berserk, Trog's Hand, Brothers in Arms


You were on level 9 of the Dungeon.
You worshipped Trog.
Trog was greatly pleased with you.
You visited 1 branch of the dungeon, and saw 9 of its levels.

You collected 498 gold pieces.

Inventory:

Hand Weapons
 C - a +2 spear of venom (weapon)
Missiles
 b - 8 javelins
Armour
 e - a +0 tower shield (worn)
 m - a +0 pair of gloves (worn)
 v - a +0 kite shield
 w - a +0 chain mail (worn)
Jewellery
 H - a ring of willpower
Wands
 k - a wand of flame (10)
 y - a wand of iceblast (10)
 B - a wand of paralysis (4)
 D - a wand of acid (9)
 I - a wand of polymorph (5)
Scrolls
 c - 5 scrolls of magic mapping {unknown}
 d - a scroll of holy word {unknown}
 h - 4 scrolls of teleportation
 o - a scroll of acquirement {unknown}
 r - a scroll of blinking
 t - a scroll of enchant weapon
 u - 4 scrolls of identify
 x - a scroll of fog {unknown}
 z - a scroll of immolation
 E - a scroll of amnesia {unknown}
 F - a scroll of enchant armour {unknown}
Potions
 a - a potion of degeneration {unknown}
 f - 2 potions of flight
 g - 2 potions of attraction
 i - 3 potions of heal wounds
 j - 2 potions of brilliance
 l - 3 potions of curing
 n - 2 potions of invisibility {unknown}
 p - 3 potions of might {unknown}
 q - 3 potions of lignification {unknown}
 s - a potion of mutation {unknown}
 A - a potion of magic {unknown}
 G - a potion of berserk rage {unknown}


   Skills:
 + Level 7.6 Fighting
 * Level 10.2 Polearms
 + Level 7.2 Armour
 + Level 6.5 Dodging
 + Level 5.7 Shields


You had 8 spell levels left.
You didn't know any spells.
Your spell library contained the following spells:

 Spells                   Type           Power      Damage    Failure   Level
 Sting                    Tmut/Pois      0%         1d3       100%        1
 Poisonous Vapours        Pois/Air       0%         N/A       100%        2
 Confusing Touch          Hex            0%         N/A       100%        3
 Gell's Gravitas          Tloc           0%         N/A       100%        3
 Ignite Poison            Fire/Tmut/Pois 0%         N/A       100%        3
 Mephitic Cloud           Conj/Pois/Air  0%         N/A       100%        3
 Olgreb's Toxic Radiance  Pois           0%         N/A       100%        4
 Petrify                  Tmut/Erth      0%         N/A       100%        4
 Metabolic Englaciation   Hex/Ice        0%         N/A       100%        5
 Yara's Violent Unravell  Hex/Tmut       0%         3d3       100%        5


Dungeon Overview and Level Annotations

Branches:
Dungeon (9/15)             Temple (0/1) D:6
   Lair: D:8-11         Orc: D:9-12

Altars:
Ashenzari
Cheibriados
Dithmenos
Okawaru
Ru
Wu Jian
Yredelemnul

Shops:
D:7 *


Innate Abilities, Weirdness & Mutations

You have a pair of horns on your head.
You reflexively headbutt those who attack you in melee.


Message History

The catoblepas is heavily wounded.
The orc barely misses you.
The orc is engulfed in calcifying dust.
The catoblepas gores you.
You hit the catoblepas.
The catoblepas is severely wounded.
The orc hits you with a +0 mace.
The orc is engulfed in calcifying dust.
The orc warrior hits you with a +0 hand axe.
You have turned to stone.
The catoblepas gores you but does no damage.
The orc hits you but does no damage.
The orc is engulfed in calcifying dust.
The orc warrior barely misses you.
The catoblepas stomps with a crash on the ground.
The catoblepas gores you!! The orc hits you with a +0 mace.
The orc warrior hits you with a +0 hand axe!
The catoblepas gores you! The orc hits you but does no damage.
The orc warrior hits you but does no damage.
The catoblepas gores you!!
* * * LOW HITPOINT WARNING * * *
The orc hits you but does no damage.
The orc warrior hits you with a +0 hand axe!
* * * LOW HITPOINT WARNING * * *
The catoblepas breathes a plume of calcifying dust at you.
The blast of calcifying dust hits you!
* * * LOW HITPOINT WARNING * * *
The blast of calcifying dust hits the orc warrior.
The orc hits you but does no damage.
The orc warrior is engulfed in calcifying dust.
The orc warrior is moving more slowly.
The orc warrior hits you with a +0 hand axe!
* * * LOW HITPOINT WARNING * * *
You are engulfed in calcifying dust.
You are no longer berserk.
You feel yourself slow down. The catoblepas gores you!
* * * LOW HITPOINT WARNING * * *
The orc hits you with a +0 mace.
* * * LOW HITPOINT WARNING * * *
The orc warrior is engulfed in calcifying dust.
The orc warrior stops moving altogether!
You are engulfed in calcifying dust.
The catoblepas gores you!
You die...

### ..#
..###################
..'................>#
..#########.......#.####
..# #......##......# ..#
#.....§o@Y.....# ..#
#......o.......# ..#
#.......##.#...# ###
#.....[.# .).".# ##
#.......# #.# # ..
#...o...# .# ..
........# . .. ...####.#
. .. .. #.


You could see a catoblepas (very poisoned), an orc warrior (petrified) and 2
orcs.

Vanquished Creatures
  A manticore (D:9)
  Maggie (D:8)
  Psyche (D:8)
  2 water moccasins
  2 orc warriors
  A sky beast (D:7)
  3 ice beasts
  A necrophage (D:7)
  A centaur (D:6)
  A phantom (D:4)
  A bullfrog (D:8)
  A wyvern zombie (D:7)
  A scorpion (D:6)
  5 wights (D:8)
  3 howler monkeys
  2 hounds
  3 jellies
  2 gnoll shamans (D:6)
  2 orc priests
  2 iguanas
  6 orc wizards
  A killer bee zombie (D:8)
  Robin (D:3)
  A howler monkey skeleton (D:6)
  6 adders
  9 gnolls
  An adder skeleton (D:4)
  5 worms
  2 dart slugs
  14 orcs
  6 ball pythons
  5 endoplasms
  A giant cockroach (D:2)
  11 goblins
  11 hobgoblins
  7 jackals
  5 kobolds
  A quokka (D:4)
  7 bats
  A frilled lizard (D:3)
  11 rats
  A spectral orc (D:3)
149 creatures vanquished.

Notes
Turn   | Place    | Note
-------+----------+-------------------------------------------
     0 | D:1      | spiderkeys the Minotaur Berserker began the quest for the
                  | Orb.
     0 | D:1      | Reached XP level 1. HP: 19/19 MP: 0/0
   174 | D:1      | Reached XP level 2. HP: 23/27 MP: 1/1
   253 | D:1      | Reached skill level 4 in Polearms
   663 | D:2      | Reached XP level 3. HP: 16/33 MP: 2/2
  1123 | D:2      | Reached ** piety under Trog
  1645 | D:3      | Reached XP level 4. HP: 40/40 MP: 3/3
  1787 | D:3      | Noticed Robin
  1790 | D:3      | Reached skill level 5 in Polearms
  1812 | D:3      | Killed Robin
  2474 | D:3      | Found a basalt altar of Yredelemnul.
  2563 | D:4      | Reached XP level 5. HP: 39/47 MP: 4/4
  2703 | D:4      | Reached *** piety under Trog
  2844 | D:4      | Found an iron altar of Okawaru.
  3178 | D:4      | Noticed a phantom
  3190 | D:4      | Killed a phantom
  3191 | D:4      | Reached XP level 6. HP: 21/55 MP: 5/5
  3749 | D:4      | Found a sacrificial altar of Ru.
  3749 | D:4      | Found a snail-covered altar of Cheibriados.
  3876 | D:5      | Entered Level 5 of the Dungeon
  4043 | D:5      | Noticed a water moccasin
  4059 | D:5      | Killed a water moccasin
  4060 | D:5      | Reached skill level 5 in Fighting
  4060 | D:5      | Reached skill level 6 in Polearms
  4060 | D:5      | Reached skill level 1 in Shields
  4230 | D:5      | Found a broken altar of Ashenzari.
  4837 | D:6      | Reached XP level 7. HP: 61/61 MP: 6/6
  5692 | D:6      | Reached skill level 7 in Polearms
  6019 | D:6      | Reached skill level 5 in Armour
  6174 | D:6      | Found a staircase to the Ecumenical Temple.
  6486 | D:6      | Reached XP level 8. HP: 62/70 MP: 7/7
  6847 | D:7      | Reached skill level 8 in Polearms
  6847 | D:7      | Reached skill level 5 in Dodging
  7017 | D:7      | Noticed a cyclops
  7168 | D:7      | Reached **** piety under Trog
  7395 | D:7      | Found Blom's Bounteous Boutique.
  7533 | D:7      | Found an ornate altar of the Wu Jian Council.
  7664 | D:8      | Noticed Psyche
  7671 | D:8      | Killed Psyche
  7672 | D:8      | Reached skill level 9 in Polearms
  7731 | D:8      | Reached XP level 9. HP: 78/78 MP: 8/8
  7748 | D:8      | Noticed Maggie
  7774 | D:8      | Killed Maggie
  7775 | D:8      | Reached skill level 5 in Shields
  8446 | D:8      | Found a shadowy altar of Dithmenos.
  8508 | D:8      | Identified the +1 leather armour of Prudence {*Drain +Blink
                  | Stlth+}
  9236 | D:9      | Noticed a manticore
  9245 | D:9      | Killed a manticore
  9246 | D:9      | Reached skill level 10 in Polearms
  9448 | D:9      | Noticed a catoblepas
  9465 | D:9      | HP: 4/80 [catoblepas (6)]
  9466 | D:9      | Slain by a catoblepas

Illustrated notes

Levels and vault maps discovered:
D:1:      dpeg_arrival_arbitrary_b, layout_basic, minmay_rat_gold_closets
D:2:      layout_rooms
D:3:      layout_basic, yredelemnul_forgotten_temple_becter, dk_noncrumbling_4,
          uniq_robin
D:4:      layout_loops_ring, amethyst_overflow_temple_binary, okawaru_trees_1
D:5:      layout_loops_ring, basic_altar, skrybe_limestone_x, corexii_shack
D:6:      layout_layer_cave, minmay_temple_entry_antechambers,
          small_statue_intersection
D:7:      layout_gridville, nicolae_wu_jian_immortal_techniques,
          nicolae_alphabet_shops, lightli_corner_chamber
D:8:      layout_cave_pools, kennysheep_mini_moat, uniq_psyche, uniq_maggie
D:9:      layout_basic

Skill      XL: |  1  2  3  4  5  6  7  8  9 |
---------------+----------------------------+-----
Polearms       | 4 5 6 7 9 10 | 10.2
Fighting       | 4 5 6 7 |  7.6
Armour         | 3 4 5 6 7 |  7.2
Dodging        | 3 4 5 6 |  6.5
Shields        | 1 3 4 5 |  5.7

Action                   |  1- 3 |  4- 6 |  7- 9 || total
-------------------------+-------+-------+-------++-------
Melee: Spear             |    99 |   164 |   270 ||   533
       Headbutt          |    13 |    22 |    46 ||    81
Invok: Berserk           |     1 |     1 |     5 ||     7
  Use: Scroll            |       |     8 |     2 ||    10
 Stab: Sleeping          |     2 |     1 |       ||     3
Armor: Animal skin       |     7 |     8 |       ||    15
       Chain mail        |       |    10 |   114 ||   124
Dodge: Dodged            |    43 |    65 |    30 ||   138
Block: Kite shield       |       |    10 |       ||    10
       Tower shield      |       |     3 |   177 ||   180

Table legend: (Time is in decaauts)
 A = Elapsed time spent in this place.
 B = Non-inter-level travel time spent in this place.
 C = Inter-level travel time spent in this place.
 D = Time resting spent in this place.
 E = Time spent auto-exploring this place.
 F = Levels seen in this place.
 G = Mean time per level.
                   A        B        C        D        E       F      G
               +--------+--------+--------+--------+--------+-----+--------+
         Total |   9519 |   8713 |    806 |   1064 |   6599 |   9 | 1057.7 |
       Dungeon |   9519 |   8713 |    806 |   1064 |   6599 |   9 | 1057.7 |
               +--------+--------+--------+--------+--------+-----+--------+

Top non-repeatable levels by time:
     D:6: 1910 daAuts
     D:5: 1339 daAuts
     D:4: 1326 daAuts
     D:8: 1195 daAuts
     D:3: 1001 daAuts
     D:7: 977 daAuts
     D:2: 888 daAuts
     D:1: 644 daAuts
     D:9: 236 daAuts
